 Dungeon Sprint DCSS version 0.30-a0-847-g17996783a1 (webtiles) character file.

Game seed: 11992327835491702429

1229 Rocko1345 the Grappler (level 8, -7/92 HPs)
             Began as a Troll Berserker on Mar 4, 2023.
             Was an Elder of Trog.
             Mangled by a demonic crawler (12 damage)
             ... in the Dungeon (Sprint I: "Red Sonja").
             The game lasted 00:02:40 (280 turns).

Rocko1345 the Grappler (Troll Berserker)             Turns: 280, Time: 00:02:41

Health: -7/92      AC:  5    Str: 28    XL:     8   Next: 24%
Magic:  7/7        EV: 11    Int:  7    God:    Trog [****..]
Gold:   290        SH:  0    Dex:  9    Spells: 7/7 levels left

rFire   . . .      SeeInvis .      - Unarmed
rCold   . . .      Faith    .    (no shield)
rNeg    . . .      Spirit   .    i - +1 robe "Tyqee" {Int+4}
rPois   .          Reflect  .    (helmet restricted)
rElec   .          Rampage  .    (no cloak)
rCorr   .          NoTele   +    (gloves unavailable)
Will    ++...                    (boots unavailable)
Stlth   +                        (no amulet)
HPRegen 2.15/turn                (no ring)
MPRegen 0.10/turn                (no ring)

@: strong-willed, on berserk cooldown, regenerating
A: large, unfitting armour, claws 3, regeneration 1, shaggy fur 1, tough skin 1
a: Renounce Religion, Berserk, Trog's Hand, Brothers in Arms


You were in the Dungeon.
You worshipped Trog.
Trog was greatly pleased with you.
You visited 1 branch You collected 426 gold pieces.
You spent 136 gold pieces at shops.

Inventory:

Armour
 a - a +0 animal skin
 i - the +1 robe "Tyqee" (worn) {Int+4}
   (You bought it in a shop in the Dungeon)

   Int:       It affects your intelligence (+4).
Wands
 h - a wand of digging (6)
Scrolls
 g - a scroll of blinking
Potions
 b - a potion of curing
 c - a potion of heal wounds
 d - a potion of haste
 e - 2 potions of magic
 f - a potion of berserk rage


   Skills:
 * Level 9.3 Fighting
 + Level 6.9 Dodging
 * Level 13.0 Unarmed Combat


You had 7 spell levels left.
You didn't know any spells.
Your spell library was empty.

Dungeon Overview and Level Annotations

Branches:
Dungeon (1/1)

Altars:
Cheibriados
Dithmenos
Elyvilon
Fedhas
Gozag
Hepliaklqana
Kikubaaqudgha
Makhleb
Nemelex Xobeh
Okawaru
Qazlal
Ru
Sif Muna
Trog
Uskayaw
Vehumet
Wu Jian
Xom
Yredelemnul
Zin
The Shining One
Jiyva
Lugonu

Shops:
D [


Innate Abilities, Weirdness & Mutations

You are too large for most types of armour.
You have claws for hands.
Your natural rate of healing is unusually fast.
You are covered in fur. (AC +1)
You have tough skin. (AC +1)


Message History

Your Unarmed Combat skill increases to level 12!
You miss the kobold demonologist.
The kobold demonologist hits you with a +0 dagger.
You claw the kobold demonologist!
The kobold demonologist is moderately wounded.
You mangle the kobold demonologist!!
You kill the kobold demonologist!
Trog accepts your kill.
Trog appreciates your killing of a magic user.
You can now call in reinforcements.
Your Unarmed Combat skill increases to level 13!
You have reached level 8!
There is an open door, spattered with blood here.
Items here: )) [[.
You feel a strong urge to attack something.
You feel your anger nearly subside.
You are no longer berserk.
You are exhausted.
You feel yourself slow down.
You feel the effects of Trog's Hand fading.
Your skin stops crawling.
You feel less strong-willed.
You start waiting.
You feel yourself speed up.
You open the door. 4 demonic crawlers come into view.
The demonic crawler gives a hideous shriek! x4
Your skin crawls.
You feel strong-willed.
The demonic crawler hits you. x2; The demonic crawler hits you!
The demonic crawler hits you. The demonic crawler hits you! x2
You scratch the demonic crawler but do no damage.
The demonic crawler hits you! x2
* * * LOW HITPOINT WARNING * * *
The demonic crawler barely misses you. The demonic crawler hits you.
* * * LOW HITPOINT WARNING * * *
The demonic crawler barely misses you. The demonic crawler hits you!
* * * LOW HITPOINT WARNING * * *
The demonic crawler hits you!
* * * LOW HITPOINT WARNING * * *
The demonic crawler hits you!
You die...

###################
).#..'..#__#..)...#
..').#..'..'..#..s##+#
#'#####'#__####.@s's.#
..#...#.####!!#####s.+
###..##)#~§§§ ##
__##'#_.+~~§
..†'..._#§§§.c#
__##_.#'# +####
__###+#.# ### ###


You could see 4 demonic crawlers.

Vanquished Creatures
  2 kobold demonologists (D)
  Sigmund (D)
  A slime creature (D)
  A yak (D)
  A floating eye (D)
  An ogre (D)
  A jelly (D)
  Ijyb (D)
9 creatures vanquished.

Notes
Turn   | Place    | Note
-------+----------+-------------------------------------------
     0 | D        | Rocko1345 the Troll Berserker began the quest for the Orb.
     0 | D        | Reached XP level 1. HP: 22/22 MP: 0/0
     2 | D        | Noticed Ijyb
     9 | D        | Killed Ijyb
    10 | D        | Reached skill level 4 in Unarmed Combat
    10 | D        | Reached XP level 2. HP: 21/32 MP: 1/1
    24 | D        | Noticed an ogre
    30 | D        | Killed an ogre
    31 | D        | Reached skill level 5 in Fighting
    31 | D        | Reached skill level 6 in Unarmed Combat
    31 | D        | Reached XP level 3. HP: 42/42 MP: 2/2
    31 | D        | Reached XP level 4. HP: 50/50 MP: 3/3
    43 | D        | Noticed Sigmund
    46 | D        | Killed Sigmund
    46 | D        | Reached ** piety under Trog
    47 | D        | Reached skill level 5 in Dodging
    47 | D        | Reached skill level 9 in Unarmed Combat
    47 | D        | Reached XP level 5. HP: 61/61 MP: 4/4
    47 | D        | Reached XP level 6. HP: 68/68 MP: 5/5
    65 | D        | Found an ornate altar of the Wu Jian Council.
    65 | D        | Found a shimmering blue altar of Sif Muna.
    67 | D        | Found a radiant altar of Vehumet.
   100 | D        | Found Ykkelaar's Antique Armour Emporium.
   100 | D        | Found an ancient bone altar of Kikubaaqudgha.
   100 | D        | Found a hazy altar of Hepliaklqana.
   100 | D        | Found a stormy altar of Qazlal.
   100 | D        | Found a hide-covered altar of Uskayaw.
   100 | D        | Found a blossoming altar of Fedhas.
   100 | D        | Found a bloodstained altar of Trog.
   100 | D        | Found an iron altar of Okawaru.
   100 | D        | Found a basalt altar of Yredelemnul.
   100 | D        | Found a glowing golden altar of the Shining One.
   100 | D        | Found a snail-covered altar of Cheibriados.
   100 | D        | Found a sacrificial altar of Ru.
   100 | D        | Found a glowing silver altar of Zin.
   100 | D        | Found a shadowy altar of Dithmenos.
   100 | D        | Found a white marble altar of Elyvilon.
   100 | D        | Noticed a yak
   101 | D        | Found an opulent altar of Gozag.
   105 | D        | Killed a yak
   106 | D        | Reached skill level 10 in Unarmed Combat
   106 | D        | Found a sparkling altar of Nemelex Xobeh.
   140 | D        | Bought a faintly glowing robe for 136 gold pieces
   140 | D        | Identified the +1 robe "Tyqee" {Int+4} (You bought it in a
                  | shop in the Dungeon)
   159 | D        | Noticed a centaur warrior
   173 | D        | Found a burning altar of Makhleb.
   173 | D        | Found a viscous altar of Jiyva.
   173 | D        | Found a shimmering altar of Xom.
   173 | D        | Found a corrupted altar of Lugonu.
   173 | D        | Noticed a slime creature
   181 | D        | Killed a slime creature
   181 | D        | Reached *** piety under Trog
   182 | D        | Reached skill level 11 in Unarmed Combat
   182 | D        | Reached XP level 7. HP: 41/80 MP: 6/6
   229 | D        | Noticed a kobold demonologist
   229 | D        | Noticed a kobold demonologist
   238 | D        | Killed a kobold demonologist
   239 | D        | Reached skill level 12 in Unarmed Combat
   241 | D        | Killed a kobold demonologist
   241 | D        | Reached **** piety under Trog
   242 | D        | Reached skill level 13 in Unarmed Combat
   242 | D        | Reached XP level 8. HP: 92/92 MP: 7/7
   277 | D        | Noticed a demonic crawler
   277 | D        | Noticed a demonic crawler
   277 | D        | Noticed a demonic crawler
   277 | D        | Noticed a demonic crawler
   280 | D        | Mangled by a demonic crawler

Illustrated notes

Levels and vault maps discovered:
D:        dungeon_sprint_1 [red_sonja_temple_1, red_sonja_temple_small_1]

Skill      XL: |  1  2  3  4  5  6  7 |
---------------+----------------------+-----
Fighting       | 3 5 6 8 9 |  9.3
Dodging        | 3 4 5 6 |  6.9
Unarmed Combat | 4 6 9 11 13 | 13.0

Action                     |  1- 3 |  4- 6 |  7- 9 || total
---------------------------+-------+-------+-------++-------
  Melee: Unarmed           |    11 |    14 |    11 ||    36
         Punch             |     1 |     2 |       ||     3
 Invoke: Trog's Hand       |       |       |     2 ||     2
         Berserk           |       |       |     1 ||     1
 Armour: Animal skin       |       |     1 |       ||     1
  Dodge: Dodged            |     4 |     3 |     3 ||    10

Table legend: (Time is in decaauts)
 A = Elapsed time spent in this place.
 B = Non-inter-level travel time spent in this place.
 C = Inter-level travel time spent in this place.
 D = Time resting spent in this place.
 E = Time spent auto-exploring this place.
 F = Levels seen in this place.
 G = Mean time per level.
                   A        B        C        D        E       F      G
               +--------+--------+--------+--------+--------+-----+--------+
         Total |    283 |    283 |      0 |    101 |      0 |   1 |  283.0 |
       Dungeon |    283 |    283 |      0 |    101 |      0 |   1 |  283.0 |
               +--------+--------+--------+--------+--------+-----+--------+

Top non-repeatable levels by time:
       D: 283 daAuts
